Cogmind - Beta 9.4 @@@ ROGUE MODE // 2020.03.27 @ 20:22:51 Player: SHADOWELITE7 Result: Self-destructed Performance ------------- Evolutions (1) 500 Regions Visited (2) 400 Robots Destroyed (25) 125 Value Destroyed (606) 606 Prototype IDs (0) 0 Alien Tech Used (0) 0 Bonus (0) 0 TOTAL SCORE: 1631 Bonus ------- None Cogmind --------- Core Integrity 298/400 Matter 300/300 Energy 250/250 System Corruption 0% Temperature Cool (0) Movement Treading (180) Ox1 Location -9/Materials Parts ------- > --- POWER (1) -------- Ion Engine > --- PROPULSION (2) --- Light Treads Light Treads > --- UTILITY (3) ------ Large Storage Unit Large Storage Unit Large Storage Unit > --- WEAPON (3) ------- Small Laser Light EM Pulse Cannon Improved Light Cannon > --- INVENTORY (22) --- Cooling System Heavy Assault Rifle Mini Grenade Launcher Mini Grenade Launcher Mini Grenade Launcher Mini Grenade Launcher Mini Grenade Launcher Mini Grenade Launcher Peak State ------------ > --- POWER ------------ Ion Engine > --- PROPULSION ------- Light Treads Light Treads > --- UTILITY ---------- Cooling System Large Storage Unit Large Storage Unit > --- WEAPON ----------- Small Laser Light EM Pulse Cannon Improved Light Cannon > --- INVENTORY -------- (None) [Rating: 12] Favorites ----------- Power Ion Engine Engine Ion Engine Propulsion Light Treads Treads Light Treads Utility Large Storage Unit Device Cooling System Storage Large Storage Unit Weapon Light Assault Rifle Energy Gun Small Laser Energy Cannon Light EM Pulse Cannon Ballistic Gun Light Assault Rifle Ballistic Cannon Improved Light Cannon Launcher Grenade Launcher Special Melee Weapon Datajack Build | -11 -10 -9 ------- Run | Scr Mat Mat Slots Evolved 2 | . . 2 Power . | . . . Propulsion . | . . . Utility 1 | . . 1 Weapon 1 | . . 1 Parts Attached 21 | 6 5 10 Power 2 | 1 1 . Engine 2 | 1 1 . Core . | . . . Reactor . | . . . Propulsion 4 | 2 . 2 Treads 4 | 2 . 2 Leg . | . . . Wheel . | . . . Hover . | . . . Flight . | . . . Utility 7 | 1 3 3 Device 2 | . . 2 Storage 5 | 1 3 1 Processor . | . . . Hackware . | . . . Protection . | . . . Artifact . | . . . Weapon 8 | 2 1 5 Energy Gun 2 | 1 . 1 Energy Cannon 1 | . . 1 Ballistic Gun 2 | 1 . 1 Ballistic Cannon 1 | . . 1 Launcher 1 | . 1 . Special Weapon . | . . . Impact Weapon . | . . . Slashing Weapon . | . . . Piercing Weapon . | . . . Special Melee Weapon 1 | . . 1 Unidentified Prototypes . | . . . Parts Lost 4 | . . 4 Power . | . . . Propulsion 1 | . . 1 Utility . | . . . Weapon 3 | . . 3 Highest Loss Streak 3 | . . 3 Average Slot Usage (%) 94 | . 94 94 Engine 12 | . 14 11 Treads 24 | . 28 22 Device 4 | . . 7 Storage 23 | . 22 24 Energy Gun 4 | . 1 6 Energy Cannon 3 | . . 5 Ballistic Gun 9 | . 14 6 Ballistic Cannon 5 | . . 8 Launcher 5 | . 12 . Special Melee Weapon 1 | . . 2 Naked Turns . | . . . Heaviest Build 62 | 9 41 62 Greatest Support 40 | 40 40 40 Greatest Overweight (x) 2 | . 1 2 Average Overweight (x) . | . . 1 Largest Inventory Capacity 22 | 6 16 22 Average Capacity 14 | 5 11 17 Most Carried 8 | 2 6 8 Average Carried 2 | 1 3 1 Final Capacity 22 | 6 16 22 Final Carried 8 | 2 3 8 Class Distribution -------------------- 71% | Mutant 15% | Gunner 13% | Hauler-Gunner Dominant Class ---------------- Mutant | -10/Materials Mutant | -9/Materials Resources | -11 -10 -9 ----------- Run | Scr Mat Mat Matter Collected 644 | 246 43 355 Remotely . | . . . Salvage Created 652 | . 217 435 Parts 52 | . 25 27 Haulers Intercepted . | . . . Recyclers Shooed 1 | . 1 . Parts Field Recycled . | . . . Retrieved Matter . | . . . Parts Self-Destructed . | . . . Prevented . | . . . Kills | -11 -10 -9 ------- Run | Scr Mat Mat Combat Hostiles Destroyed 18 | . 6 12 Guns 5 | . . 5 Cannons 7 | . . 7 AOE 6 | . 6 . Classes Destroyed 10 | . 8 2 Worker 1 | . 1 . Builder 1 | . 1 . Tunneler 1 | . 1 . Recycler 1 | . 1 . Operator 1 | . 1 . Watcher 2 | . 1 1 Swarmer 6 | . 3 3 Grunt 8 | . 3 5 Brawler 1 | . . 1 Sentry 3 | . . 3 Best Kill Streak 6 | . 5 6 Combat Bots Only 6 | . 3 6 Max Kills in Single Turn 4 | . 4 1 Gunslinging . | . . . Exploded 2 | . 2 . Melee . | . . . Uniques/NPCs Destroyed . | . . . Combat | -11 -10 -9 -------- Run | Scr Mat Mat Damage Taken 1063 | . 267 796 Core 163 | . 61 102 Absorbed by Shields . | . . . Core Remaining (%) 87 | 100 75 . Volleys Fired 40 | . 9 31 Largest 3 | . 2 3 Hottest 135 | . 50 135 Shots Fired 93 | . 17 76 Gun 53 | . 9 44 Cannon 32 | . . 32 Launcher 8 | . 8 . Special . | . . . Kinetic 69 | . 9 60 Thermal 8 | . . 8 Explosive 8 | . 8 . Electromagnetic 8 | . . 8 Robot Hit Streak 10 | . 4 10 Robot Miss Streak 8 | . 2 8 Penetration Max . | . . . Secondary Targets . | . . . Shots Hit Robots 54 | . 9 45 Core Hits 45 | . 23 22 Critical Hits . | . . . Critical Kills . | . . . Critical Parts Destroyed . | . . . Melee Attacks . | . . . Impact . | . . . Slashing . | . . . Piercing . | . . . Sneak Attacks . | . . . Combat Hostiles . | . . . Follow-up Attacks . | . . . Damage Inflicted 1268 | . 581 687 Guns 367 | . 41 326 Cannons 361 | . . 361 Explosions 540 | . 540 . Melee . | . . . Ramming . | . . . Kinetic 582 | . 41 541 Thermal 34 | . . 34 Explosive 540 | . 540 . Electromagnetic 112 | . . 112 Impact . | . . . Slashing . | . . . Piercing . | . . . Highest Corruption . | . . . Average Corruption . | . . . Corruption Purged . | . . . Overload Shots . | . . . Overflow Damage . | . . . Projectiles . | . . . Explosions . | . . . Melee . | . . . Knockbacks . | . . . Impact . | . . . Kinetic . | . . . Secondary . | . . . Self-Inflicted Damage 119 | . 119 . Shots 3 | . 3 . Rammed 1 | . . 1 Targets Rammed 1 | . . 1 Kicked . | . . . Crushed . | . . . Highest Temperature 264 | . 10 264 Average Temperature 97 | . 7 129 Received Heat Transfer 363 | . 45 318 Effects 1 | . . 1 Energy Bleed 1 | . . 1 Siege Activations . | . . . Robots Corrupted . | . . . Combat Hostiles . | . . . Parts Fried . | . . . Impact Corruptions . | . . . Robots Melted . | . . . Combat Hostiles . | . . . Parts Melted . | . . . Heat Transferred 75 | . . 75 Parts Sabotaged . | . . . Parts Stolen . | . . . Parts Stripped . | . . . Power Chain Reactions . | . . . Missiles Intercepted . | . . . Alert | -11 -10 -9 ------- Run | Scr Mat Mat Peak Influence 365 | . 227 365 Average Influence 170 | . 113 238 Maximum Alert Level 1 | . 1 1 Low Security (%) 56 | 100 82 30 Level 1 43 | . 17 69 Level 2 . | . . . Level 3 . | . . . Level 4 . | . . . Level 5 . | . . . High Security . | . . . Max Security . | . . . Squads Dispatched 2 | . 1 1 Investigation . | . . . Extermination . | . . . Reinforcement 2 | . 1 1 Assault . | . . . Garrison . | . . . Intercept . | . . . Construction Impeded . | . . . Haulers Reinforced . | . . . Stealth | -11 -10 -9 --------- Run | Scr Mat Mat Distress Signals 2 | . 1 1 Communications Jammed . | . . . Distress Signals . | . . . Times Spotted 24 | . 8 16 Peak Tracking Total 4 | . 3 4 Tactical Retreats . | . . . Traps | -11 -10 -9 ------- Run | Scr Mat Mat Traps Triggered . | . . . Indirectly . | . . . Trap Hack Attempts . | . . . Triggered . | . . . Disarmed . | . . . Reprogrammed . | . . . Reused . | . . . Traps Extracted . | . . . Installed . | . . . Triggered . | . . . Machines | -11 -10 -9 ---------- Run | Scr Mat Mat Machines Disabled 1 | . 1 . Max in Single Turn 1 | . 1 . Machines Sabotaged . | . . . Garrisons Compromised . | . . . Overloaded Fab Kills . | . . . Fab Network Shutdowns . | . . . Hacking | -11 -10 -9 --------- Run | Scr Mat Mat Machines Accessed . | . . . Terminals . | . . . Fabricators . | . . . Repair Stations . | . . . Recycling Units . | . . . Scanalyzers . | . . . Garrison Access . | . . . Total Hacks . | . . . Successful . | . . . Failed . | . . . Catastrophic . | . . . Database Lockouts . | . . . Manual . | . . . Terminals . | . . . Fabricators . | . . . Repair Stations . | . . . Recycling Units . | . . . Scanalyzers . | . . . Garrison Access . | . . . Terminal Hacks . | . . . Fabricator Hacks . | . . . Repair Station Hacks . | . . . Recycling Unit Hacks . | . . . Scanalyzer . | . . . Garrison Access Hacks . | . . . Unauthorized Hacks . | . . . Terminals . | . . . Fabricators . | . . . Repair Stations . | . . . Recycling Units . | . . . Scanalyzers . | . . . Garrison Access . | . . . Data Cores Recovered . | . . . Used . | . . . Hacking Detections . | . . . Full Trace Events . | . . . Feedback Events . | . . . Feedback Blocked . | . . . Robot Schematics Acquired . | . . . Robots Built . | . . . Matter . | . . . Time . | . . . Total Robot Build Rating . | . . . Part Schematics Acquired . | . . . Parts Built . | . . . Matter . | . . . Time . | . . . Total Part Build Rating . | . . . Parts Repaired . | . . . Time . | . . . Parts Recycled . | . . . Recycled Matter . | . . . Retrieved Matter . | . . . Retrieved Components . | . . . Parts Scanalyzed . | . . . Part Schematics Acquired . | . . . Parts Damaged . | . . . Bothacking | -11 -10 -9 ------------ Run | Scr Mat Mat Used RIF Installer . | . . . Robots Hacked . | . . . Non-combat . | . . . Combat . | . . . Robot Hacks Applied . | . . . Relay Couplers Released . | . . . Robots Rewired . | . . . Allies Hacked . | . . . Hacks Repelled . | . . . Allies | -11 -10 -9 -------- Run | Scr Mat Mat Total Allies . | . . . Largest Group . | . . . Highest-Rated Group . | . . . Highest-Rated Ally . | . . . Total Orders . | . . . Ally Attacks . | . . . Total Damage . | . . . Kills . | . . . Allies Corrupted . | . . . Allies Melted . | . . . Intel | -11 -10 -9 ------- Run | Scr Mat Mat Robot Analysis Total . | . . . Derelict Logs Recovered . | . . . Drone Launches . | . . . Drone Recoveries . | . . . Exploration | -11 -10 -9 ------------- Run | Scr Mat Mat Turns Passed 860 | 71 334 455 Spaces Moved 416 | 43 186 187 Core 10 | 10 . . Treads 406 | 33 186 187 Legs . | . . . Wheels . | . . . Hover . | . . . Flight . | . . . Fastest Speed 50 | 50 160 180 Average Speed 166 | 134 160 180 Slowest Speed 200 | 160 180 200 Overloaded Moves . | . . . Propulsion Burnouts . | . . . Robots Hopped . | . . . Cave-ins Triggered . | . . . Exploration Rate (%) 15 | 4 30 12 Regions Visited 2 Branch Regions . Pre-discovered Areas . | . . . Known Exits Taken . | . . . Unknown Exits Taken 2 | 1 1 . Scrap Searched . | . . . Spaces Dug . | . . . Terrain Destroyed 70 | . 66 4 Melee . | . . . Projectile 4 | . . 4 AOE 66 | . 66 . Actions | -11 -10 -9 --------- Run | Scr Mat Mat Total 510 | 56 207 247 Wait . | . . . Move 414 | 42 185 187 Hop . | . . . Pick Up 27 | 8 5 14 Fast Attach 2 | . 2 . Attach 17 | 6 2 9 Detach 1 | . . 1 Swap 2 | . 1 1 Drop 6 | . 3 3 Fire 40 | . 9 31 Melee . | . . . Ram . | . . . Kick . | . . . Crush 1 | . . 1 Escape Stasis . | . . . Rewire . | . . . Trap . | . . . Miscellaneous . | . . . Route ------- -11/Scrapyard -10/Materials -9/Materials History --------- Turn | Location | Event 3 | -11/Scrapyard | Discovered new exit (range 16) 72 | -11/Scrapyard | Entered Materials 306 | -10/Materials | Build established: Mutant 366 | -10/Materials | Discovered new exit (range 16) 406 | -10/Materials | Entered another Materials area 406 | -9/Materials | Evolved 2 slots: Utility x1, Weapon x1 577 | -9/Materials | Lost 3 parts (1n2w) 861 | -9/Materials | Self-destructed Last Messages --------------- 00699_ R-06 Scavenger collects Heat Sink. 00703_ R-06 Scavenger collects Ion Engine. 00707_ R-06 Scavenger collects Aluminum Leg. 00735_ Slammed into R-06 Scavenger. 00756_ Acquired Lrg. Storage Unit. 00759_ S-10 Pest destroyed. 00779_ Acquired 14 matter. 00781_ Acquired 13 matter. 00784_ Acquired 6 matter. 00789_ R-06 Scavenger collects Flight Unit. 00805_ U-05 Engineer builds a Wall. 00814_ W-16 Scout sends out distress signal. 00815_ W-16 Scout destroyed. 00818_ Acquired 4 matter. 00826_ Y-45 Defender destroyed. 00827_ Acquired 4 matter. 00830_ Overheating: Energy bleed (-33). 00844_ Acquired Mni. Grenade Launcher. 00858_ R-06 Scavenger collects Hover Unit. 00860_ Acquired Mni. Grenade Launcher. Map ----- +----------------------------------------------------+ | ??????????????????????????????????? | | ??????????????????????????????????? | | ??????????????????????????????????? | | ??????????????????????????????????? | | ??????????????????????????????????? | | ??????????????????????????????????? | | ??????????????????????????????????? | | ??????????????????????????????????? | | ??????????????????????????????????? | | ????????????????????? ???????????? | | ??????????????????? ? ####???????? | | ??????????????????? # ??? ??? | | ???????????????????? # ??? ???? | | ???????????????????? # ?? ???? | | ???????????????????? # ""? """?? | | ???????????????????? # """ """?? | | ????????????????????? + """ """ # | | ????????????????????? # """ """ # | | ????????????????????? # """ """ # | | ?????????????????????# # ? | | ?????????????????????# # """ # | | ?????????????????????#t# """ # | | ?????????????????????#r# """ # | | ???################### %=/ """ # | | ??##!!% =%!;! """ # | | ??#! ################=@ # | | ??#! ##?????????????# #########? | | ??# #??????????????###????????? | | ??#! #?????????????????????????? | | ??##!! ###########????????###????? | | ???#### # """ """ #???????## ###### | | ??#####+# """ """ #???????# # | | ??# # """ """ #??####?# # | | ??# + #?##""### """"" # | | ??#""" # #?# # """"" # | | ??#""" # ### # """"" # | | ??#""" # + " + """"" # | | ??# # ###%" # """"" # | | ??# #####+#######" # """""?# | | ??####+##### ## """""?? | | ?????# % ## ?? | | ?????####### ## ?? | | ???????????###+## #########? | | ????????????????# *#????????? | | ????????????????# = #????????? | | ????????????????# #????????? | | ????????????????# +????????? | | ????????????????###### *#????????? | | ?????????????????????# #????????? | | ?????????????????????# ########## | +----------------------------------------------------+ Best States ------------- Heat Dissipation 50 Coolant Potential 50 Energy Generation 10 Energy Capacity 250 Matter Stores 300 Matter Capacity 300 Sight Range 16 Terrain Scan Density 10 Evasion (%) 40 Recoil Reduction 2 Item Schematics ----------------- None Robot Schematics ------------------ None Fabricated ------------ Nothing Alien Tech Used ----------------- None Achievements -------------- None Challenges ------------ None Game ------ Seed AdvancedDiametricCapacitor Manual? 0 Play Time 00:07:50 Cumulative 18.1 hours Start 2020.03.15 @ 10:22:08 End 2020.03.27 @ 20:22:51 Sessions 1 Manual Loads 0 Difficulty Rogue Special Mode None Game No. 79 Rogue 75 Adventurer 0 Explorer 4 Win Type - Total 0 Types 0/0/0/0/0/0/0 Lore% 21 Gallery% 17 Achievement% 17 Wizard Run 0 Options --------- ASCII 0 Keyboard 0 Movement Arrows Keybinds 0 Fullscreen 1 Font 18/X11 Map View 76x50 Tactical HUD 1 Map Filters NONE Filters NONE Steam 1 RUN: e2f9d284-0e7b-4403-aed1-6bca64ecf890